 Dungeon Crawl Stone Soup version 0.28-a0-843-gb979743d38 (webtiles) character file.

Game seed: 13936834396643989724

347 jfbvrk the Vexing (level 6, -10/28 HPs)
             Began as a Spriggan Enchanter on Nov 12, 2021.
             Mangled by a wight (19 damage)
             ... on level 4 of the Dungeon.
             The game lasted 00:10:59 (5888 turns).

jfbvrk the Vexing (Spriggan Enchanter)              Turns: 5888, Time: 00:11:00

Health: -10/28     AC:  4    Str:  6    XL:     6   Next: 32%
Magic:  13/15      EV: 17    Int: 17    God:
Gold:   165        SH:  4    Dex: 15    Spells: 8/16 levels left

rFire   . . .      SeeInvis +   j - +2 dagger (venom)
rCold   . . .      Faith    .   (shield restricted)
rNeg    . . .      Spirit   .   b - +1 robe
rPois   +          Reflect  .   (helmet restricted)
rElec   .          Harm     .   i - +0 cloak
rCorr   .          Rampage  .   (gloves unavailable)
Will    +....                   (boots unavailable)
Stlth   +++.......              k - amulet of magic regeneration
HPRegen 0.09/turn               (no ring)
MPRegen 0.39/turn               (no ring)

@: unable to read, very quick
A: very small, no large weapons, unfitting armour, see invisible, speed 3, large
bone plates 1, poison resistance, inability to read while threatened
a: no special abilities


You were on level 4 of the Dungeon.
You visited 1 branch of the dungeon, and saw 4 of its levels.
You also visited: Sewer.

You collected 165 gold pieces.

Inventory:

Hand Weapons
 a - a +1 dagger
 d - a +2 short sword of protection
 j - a +2 dagger of venom (weapon)
Missiles
 h - 6 poisoned darts (quivered)
Armour
 b - a +1 robe (worn)
 i - a +0 cloak (worn)
Jewellery
 k - an amulet of magic regeneration (around neck)
Wands
 c - a wand of charming (9)
Potions
 e - 3 potions of brilliance
 f - a potion of cancellation
 g - 2 potions of flight
 l - a potion of degeneration {unknown}


   Skills:
 - Level 1.1 Short Blades
 - Level 2.6 Dodging
 + Level 5.7 Stealth
 + Level 5.7 Spellcasting
 + Level 6.3 Hexes


You had 8 spell levels left.
You knew the following spells:

 Your Spells              Type           Power      Damage    Failure   Level
a - Ensorcelled Hibernat  Hex/Ice        30%        N/A       5%          2
b - Tukima's Dance        Hex            26%        N/A       3%          3
c - Dazzling Flash        Conj/Hex       30%        N/A       11%         3

Your spell library contained the following spells:

 Spells                   Type           Power      Damage    Failure   Level
 Confusing Touch          Hex            26%        N/A       3%          3
 Sting                    Tmut/Pois      16%        1d3       13%         1
 Poisonous Vapours        Pois/Air       8%         N/A       21%         2
 Leda's Liquefaction      Hex/Erth       7%         N/A       34%         4
 Olgreb's Toxic Radiance  Pois           4%         N/A       78%         4
 Lee's Rapid Deconstruct  Erth           2%         3d5*      98%         5
 Summon Forest            Summ/Tloc      2%         N/A       98%         5
 Eringya's Noxious Bog    Tmut/Pois      2%         N/A       100%        6
 Statue Form              Tmut/Erth      2%         N/A       100%        6
 Summon Hydra             Summ           2%         N/A       100%        7


Dungeon Overview and Level Annotations

Branches:
Dungeon (4/15)              Sewer (visited)
 Temple: D:4-7

Altars:
Gozag
Okawaru
Trog


Innate Abilities, Weirdness & Mutations

You are very small and have problems with some larger weapons.
You are too small for most types of armour.
You have supernaturally acute eyesight. (SInv)
You cover ground extremely quickly. (Speed+++)
You are partially covered in large bone plates. (SH +4)
Your system is resistant to poisons. (rPois)
You sometimes lose the ability to read scrolls when taking damage.


Message History

You hit the wight but do no damage.
The wight is almost destroyed.
The wight hits you from afar with a +5 halberd!
The wight closely misses you. The wight barely misses you.
Unknown command.
Casting: Tukima's Dance (dangerous; 3% risk of failure)
Confirm with . or Enter, or press ? or * to list all spells.
Aiming: Tukima's Dance (dangerous; 3% risk of failure)
Press: ? - help, Shift-Dir - straight line, f - wight
Aim: a wight, wielding a +3 short sword and wearing a +0 robe (chance to affect: 55%)
The wight resists with significant effort.
The wight hits you from afar with a +5 halberd!
You feel threatened and lose the ability to read scrolls!
* * * LOW HITPOINT WARNING * * *
The wight completely misses you. The wight barely misses you.
The wight barely misses you.
Casting: Tukima's Dance (dangerous; 3% risk of failure)
Confirm with . or Enter, or press ? or * to list all spells.
Aiming: Tukima's Dance (dangerous; 3% risk of failure)
Press: ? - help, Shift-Dir - straight line, f/p - wight
Aim: a wight, wielding a +3 short sword and wearing a +0 robe (chance to affect: 55%)
The +3 short sword dances into the air!
Unknown command.
You can read scrolls again.
You see here a worm corpse.
You see here a +3 short sword.
The wight barely misses you. The wight misses you.
You hit the wight but do no damage.
The wight is almost destroyed.
The wight barely misses you.
You hit the wight but do no damage.
The wight is almost destroyed.
The wight misses you. The wight closely misses you.
You barely miss the wight.
The wight is almost destroyed.
The wight hits you from afar with a +5 halberd!!
You feel threatened and lose the ability to read scrolls!
Ouch! That really hurt!
You die...

#####################
#............z......#
#.####..........###.#
#.########.# #.# #.#
#.# #.#
#########.##### #.#
#.# ...)..[..)..z@#
#.# #.#
.....)....###z####.#
#.#
########..#.#.z.z..#
#.#
###..#.#####..###.##
#......?...........#
#.#..#.####.#......#
#.#................#
#.#.#..####.#...####
#.#....# #.#.......#


You could see 3 wights.

Vanquished Creatures
  A wight (D:4)
  An orc priest (D:3)
  A jelly (D:3)
  A gnoll (D:1)
  6 adders
  8 river rats
  An adder skeleton (D:3)
  2 worms
  2 dart slugs
  8 orcs (D:3)
  8 endoplasms
  6 giant cockroaches
  5 goblins
  2 hobgoblins (D:2)
  3 jackals (D:2)
  9 kobolds
  3 quokkas
  11 ball pythons
  A bat (D:1)
  3 frilled lizards
  19 rats
101 creatures vanquished.

Vanquished Creatures (collateral kills)
  An orc (D:3)
1 creature vanquished.

Vanquished Creatures (others)
  3 dancing weapons (D:4)
  A kobold (Sewer)
4 creatures vanquished.

Grand Total: 106 creatures vanquished

Notes
Turn   | Place    | Note
-------+----------+-------------------------------------------
     0 | D:1      | jfbvrk the Spriggan Enchanter began the quest for the Orb.
     0 | D:1      | Reached XP level 1. HP: 9/9 MP: 5/5
    43 | D:1      | Found a faded altar of an unknown god.
    95 | D:1      | Reached skill level 4 in Hexes
   210 | D:1      | Reached XP level 2. HP: 11/13 MP: 7/7
   213 | D:1      | Learned a level 2 spell: Ensorcelled Hibernation
   674 | D:1      | Reached XP level 3. HP: 16/16 MP: 3/9
   678 | D:1      | Learned a level 3 spell: Tukima's Dance
   682 | D:1      | Learned a level 3 spell: Dazzling Flash
  1807 | D:3      | Reached XP level 4. HP: 21/21 MP: 8/11
  1856 | D:3      | Reached skill level 5 in Hexes
  1870 | D:3      | Found a glowing drain.
  1874 | Sewer    | Entered a sewer
  2554 | Sewer    | Reached skill level 5 in Spellcasting
  2554 | Sewer    | Reached XP level 5. HP: 14/24 MP: 6/13
  2805 | Sewer    | Gained mutation: You are partially covered in large bone
                  | plates. (SH +4) [potion of mutation]
  2805 | Sewer    | Gained mutation: You sometimes lose the ability to read
                  | scrolls when taking damage. [potion of mutation]
  2805 | Sewer    | Gained mutation: Your system is resistant to poisons.
                  | (rPois) [potion of mutation]
  4146 | D:3      | Found a bloodstained altar of Trog.
  4439 | D:3      | Reached skill level 5 in Stealth
  4522 | D:3      | Found an iron altar of Okawaru.
  4634 | D:3      | Reached skill level 6 in Hexes
  4822 | D:3      | Found a bloodstained altar of Trog.
  5092 | D:3      | Reached XP level 6. HP: 26/28 MP: 7/15
  5557 | D:3      | Found an iron altar of Okawaru.
  5661 | D:4      | Found an opulent altar of Gozag.
  5888 | D:4      | Mangled by a wight

Illustrated notes

Levels and vault maps discovered:
D:1:      dpeg_arrival_round_a, layout_rooms, ebering_ecumenical_altar_webs
D:2:      layout_basic, minmay_statues_item, chequers_serial_rivers_marsh
D:3:      layout_loops_ring, lemuel_crystal_altar,
          lemuel_coloured_pillars_altar, gup_sewer_entry_spiral,
          kennysheep_generic_room_12
D:4:      layout_basic, nicolae_gozag_seed_capital, led_sif_pool, uniq_robin

Skill      XL: |  1  2  3  4  5 |
---------------+----------------+-----
Spellcasting   | 3 4 5 |  5.7
Hexes          | 4 5 6 |  6.3
Stealth        | 5 |  5.7
Short Blades   | |  1.1
Dodging        | |  2.6

Action                   |  1- 3 |  4- 6 || total
-------------------------+-------+-------++-------
Melee: Dagger            |    98 |   212 ||   310
 Cast: Ensorcelled Hiber |    14 |    52 ||    66
       Tukima's Dance    |       |     8 ||     8
  Use: Scroll            |     5 |     3 ||     8
       Potion            |       |     4 ||     4
 Stab: Sleeping          |    25 |    34 ||    59
Armor: Robe              |     9 |    44 ||    53
Dodge: Dodged            |    64 |   239 ||   303
Block: Other             |       |    13 ||    13

Table legend: (Time is in decaauts)
 A = Elapsed time spent in this place.
 B = Non-inter-level travel time spent in this place.
 C = Inter-level travel time spent in this place.
 D = Time resting spent in this place.
 E = Time spent auto-exploring this place.
 F = Levels seen in this place.
 G = Mean time per level.
                   A        B        C        D        E       F      G
               +--------+--------+--------+--------+--------+-----+--------+
         Total |   4659 |   4581 |     78 |   1128 |   2470 |   5 |  931.8 |
       Dungeon |   3629 |   3551 |     78 |    858 |   1992 |   4 |  907.2 |
         Sewer |   1029 |   1029 |      0 |    270 |    477 |   1 | 1029.0 |
               +--------+--------+--------+--------+--------+-----+--------+

Top non-repeatable levels by time:
     D:3: 2173 daAuts
   Sewer: 1029 daAuts
     D:1: 712 daAuts
     D:2: 584 daAuts
     D:4: 159 daAuts
